PAA
MINNESOTA LOONS @ ATLANTIC CITY SONICS
07/30/2034
 
TOP OF THE 1ST
Minnesota Loons batting - Pitching for Atlantic City Sonics : LHP Joaquín Pérez
Pitching: LHP Joaquín Pérez
Batting: RHB Augusto Manuel 0-0: Called Strike
0-1: Fly out, F8 (Flyball, 8LS)
Batting: LHB José Román 0-0: Called Strike
0-1: Ball
1-1: Swinging Strike
1-2: Strikes out swinging
Batting: LHB Kevin de Bruyne 0-0: Called Strike
0-1: Ball
1-1: Ground out U3 (Groundball, 3L)
Top of the 1st over - 0 runs, 0 hits, 0 errors, 0 left on base; Minnesota 0 - Atlantic City 0
BOTTOM OF THE 1ST
Atlantic City Sonics batting - Pitching for Minnesota Loons : RHP Damien Morin
Pitching: RHP Damien Morin
Batting: RHB Toyozo Yamasaki 0-0: Called Strike
0-1: Ball
1-1: Ground out 5-3 (Groundball, 56S)
Batting: RHB John Willoughby 0-0: Ground out 5-3 (Groundball, 56)
Batting: RHB Dam Son 0-0: Called Strike
0-1: Swinging Strike
0-2: DOUBLE (Line Drive, 78D)
Batting: LHB Bryce Abood 0-0: Ball
1-0: Swinging Strike
1-1: Foul Ball, location: 2F
1-2: Ball
2-2: Fly out, F9 (Flyball, 9LS)
Bottom of the 1st over - 0 runs, 1 hit, 0 errors, 1 left on base; Minnesota 0 - Atlantic City 0
TOP OF THE 2ND
Minnesota Loons batting - Pitching for Atlantic City Sonics : LHP Joaquín Pérez
Batting: RHB Oliver Villalva 0-0: Ball
1-0: Foul Ball, location: 2F
1-1: SINGLE (Groundball, 6MD)
Batting: LHB Sergio Cruz 0-0: Called Strike
0-1: Ball
1-1: Ball
2-1: Foul Ball, location: 2F
2-2: Ball
3-2: DOUBLE (Line Drive, 89D)
Oliver Villalva to third
Batting: LHB Bill Bean 0-0: Foul Ball, location: 2F
0-1: Fly out, F9 (Flyball, 9S)
Batting: SHB Esteban Piñeiro 0-0: Called Strike
0-1: Ball
1-1: Ball
2-1: Ball
3-1: Ground out U3 (Groundball, 3)
Batting: LHB Atro Jarvilehto 0-0: Foul Ball, location: 2F
0-1: Ball
1-1: Swinging Strike
1-2: Ball
2-2: Strikes out swinging
Top of the 2nd over - 0 runs, 2 hits, 0 errors, 2 left on base; Minnesota 0 - Atlantic City 0
BOTTOM OF THE 2ND
Atlantic City Sonics batting - Pitching for Minnesota Loons : RHP Damien Morin
Batting: RHB Jeff Quesenberry 0-0: Ball
1-0: Ball
2-0: DOUBLE (Line Drive, 7LM)
Batting: LHB Scotty Mitchell 0-0: Foul Ball, location: 2F
0-1: Foul Ball, location: 2F
0-2: Foul Ball, location: 2F
0-2: Ball
1-2: Foul Ball, location: 2F
1-2: Ball
2-2: Foul Ball, location: 2F
2-2: Foul Ball, location: 2F
2-2: Foul Ball, location: 2F
2-2: Foul Ball, location: 2F
2-2: DOUBLE (Line Drive, 9LM)
Jeff Quesenberry scores
Batting: RHB Gary Jenkins 0-0: Foul Ball, location: 2F
0-1: Swinging Strike
0-2: Strikes out swinging, 2-3 out at first.
Batting: LHB António Casas 0-0: Called Strike
0-1: Ball
1-1: Foul Ball, location: 2F
1-2: Foul Ball, location: 2F
1-2: Ball
2-2: Foul Ball, location: 2F
2-2: Foul Ball, location: 2F
2-2: DOUBLE (Line Drive, 8RD)
Scotty Mitchell scores
Batting: RHB Kendrick Drumgoole 0-0: Ball
1-0: Ball
2-0: Ground out 5-3 (Groundball, 56S)
António Casas to third
Batting: RHB Toyozo Yamasaki 0-0: Called Strike
0-1: Ball
1-1: Fly out, F8 (Flyball, 8LM)
Bottom of the 2nd over - 2 runs, 3 hits, 0 errors, 1 left on base; Minnesota 0 - Atlantic City 2
TOP OF THE 3RD
Minnesota Loons batting - Pitching for Atlantic City Sonics : LHP Joaquín Pérez
Batting: RHB Maverik Buffo 0-0: Swinging Strike
0-1: Ball
1-1: Ball
2-1: Called Strike
2-2: Strikes out swinging
Batting: RHB Augusto Manuel 0-0: Called Strike
0-1: Ball
1-1: Swinging Strike
1-2: Strikes out swinging
Batting: LHB José Román 0-0: Ball
1-0: Foul Ball, location: 2F
1-1: Swinging Strike
1-2: Fly out, F9 (Flyball, 89M)
Top of the 3rd over - 0 runs, 0 hits, 0 errors, 0 left on base; Minnesota 0 - Atlantic City 2
BOTTOM OF THE 3RD
Atlantic City Sonics batting - Pitching for Minnesota Loons : RHP Damien Morin
Batting: RHB John Willoughby 0-0: Called Strike
0-1: SINGLE (Groundball, 56D)
Batting: RHB Dam Son 0-0: Ball
1-0: Fly out, F8 (Flyball, 8LXD)
Batting: LHB Bryce Abood 0-0: Ground out 5-3 (Groundball, 56S)
John Willoughby to second
Batting: RHB Jeff Quesenberry 0-0: Called Strike
0-1: Ball
1-1: Ball
2-1: Foul Ball, location: 2F
2-2: Foul Ball, location: 2F
2-2: Ball
3-2: Foul Ball, location: 2F
3-2: Base on Balls
Batting: LHB Scotty Mitchell 0-0: Ball
1-0: Foul Ball, location: 2F
1-1: Ball
2-1: Foul Ball, location: 2F
2-2: Ball
3-2: Ground out 4-3 (Groundball, 4)
Bottom of the 3rd over - 0 runs, 1 hit, 0 errors, 2 left on base; Minnesota 0 - Atlantic City 2
TOP OF THE 4TH
Minnesota Loons batting - Pitching for Atlantic City Sonics : LHP Joaquín Pérez
Batting: LHB Kevin de Bruyne 0-0: Ball
1-0: Ball
2-0: DOUBLE (Flyball, 8RXD)
Batting: RHB Oliver Villalva 0-0: Called Strike
0-1: Called Strike
0-2: Ground out 6-3 (Groundball, 6)
Batting: LHB Sergio Cruz 0-0: Called Strike
0-1: Ball
1-1: Ground out U3 (Groundball, 34)
Kevin de Bruyne to third
Batting: LHB Bill Bean 0-0: Called Strike
0-1: Foul Ball, location: 2F
0-2: SINGLE (Flyball, 78S)
Kevin de Bruyne scores
Batting: SHB Esteban Piñeiro 0-0: Ball
Wild Pitch!
Bill Bean to second
1-0: Ball
2-0: Foul Ball, location: 2F
2-1: Called Strike
2-2: Foul Ball, location: 2F
2-2: Fly out, F7 (Flyball, 78S)
Top of the 4th over - 1 run, 2 hits, 0 errors, 1 left on base; Minnesota 1 - Atlantic City 2
BOTTOM OF THE 4TH
Atlantic City Sonics batting - Pitching for Minnesota Loons : RHP Damien Morin
Batting: RHB Gary Jenkins 0-0: Called Strike
0-1: Swinging Strike
0-2: Ball
1-2: Ball
2-2: Foul Ball, location: 2F
2-2: Strikes out looking
Batting: LHB António Casas 0-0: Ball
1-0: Foul Ball, location: 2F
1-1: Called Strike
1-2: Ground out U3 (Groundball, 34)
Batting: RHB Kendrick Drumgoole 0-0: Ground out 5-3 (Groundball, 5)
Bottom of the 4th over - 0 runs, 0 hits, 0 errors, 0 left on base; Minnesota 1 - Atlantic City 2
TOP OF THE 5TH
Minnesota Loons batting - Pitching for Atlantic City Sonics : LHP Joaquín Pérez
Batting: LHB Atro Jarvilehto 0-0: Foul Ball, location: 2F
0-1: Ball
1-1: Swinging Strike
1-2: Fly out, F8 (Flyball, 8RD)
Batting: RHB Maverik Buffo 0-0: Fly out, F3 (Line Drive, 3F)
Batting: RHB Augusto Manuel 0-0: Ball
1-0: Called Strike
1-1: Ball
2-1: Ball
3-1: Base on Balls
Batting: LHB José Román 0-0: Ball
1-0: Foul Ball, location: 2F
1-1: Ball
2-1: Fly out, F9 (Line Drive, 9LD)
Top of the 5th over - 0 runs, 0 hits, 0 errors, 1 left on base; Minnesota 1 - Atlantic City 2
BOTTOM OF THE 5TH
Atlantic City Sonics batting - Pitching for Minnesota Loons : RHP Damien Morin
Batting: RHB Toyozo Yamasaki 0-0: Called Strike
0-1: Ball
1-1: SINGLE (Groundball, 56D)
Batting: RHB John Willoughby 0-0: Fly out, F7 (Line Drive, 7)
Batting: RHB Dam Son 0-0: Ball
1-0: Ball
Wild Pitch!
Toyozo Yamasaki to second
2-0: Called Strike
2-1: Fly out, F7 (Flyball, 7LM)
Batting: LHB Bryce Abood 0-0: Foul Ball, location: 2F
0-1: Fly out, F9 (Flyball, 9LD)
Bottom of the 5th over - 0 runs, 1 hit, 0 errors, 1 left on base; Minnesota 1 - Atlantic City 2
TOP OF THE 6TH
Minnesota Loons batting - Pitching for Atlantic City Sonics : RHP Alfredo Franco
Pitching: RHP Alfredo Franco
Batting: LHB Kevin de Bruyne 0-0: Ball
1-0: Foul Ball, location: 2F
1-1: Foul Ball, location: 2F
1-2: Foul Ball, location: 2F
1-2: Ball
2-2: Strikes out swinging
Batting: RHB Oliver Villalva 0-0: Ball
1-0: Ball
2-0: Ball
3-0: Base on Balls
Batting: LHB Sergio Cruz 0-0: Ball
1-0: Ball
2-0: Foul Ball, location: 2F
2-1: Ball
3-1: Base on Balls
Oliver Villalva to second
Batting: LHB Bill Bean 0-0: Called Strike
0-1: Called Strike
0-2: Ball
1-2: Ball
2-2: Foul Ball, location: 2F
2-2: Foul Ball, location: 2F
2-2: Ball
3-2: Base on Balls
Oliver Villalva to third
Sergio Cruz to second
Batting: SHB Esteban Piñeiro 0-0: Foul Ball, location: 2F
0-1: Foul Ball, location: 2F
0-2: Ball
1-2: Ball
2-2: Strikes out swinging
Batting: LHB Atro Jarvilehto 0-0: Ball
1-0: Called Strike
1-1: Foul Ball, location: 2F
1-2: Fly out, F9 (Line Drive, 89D)
Top of the 6th over - 0 runs, 0 hits, 0 errors, 3 left on base; Minnesota 1 - Atlantic City 2
BOTTOM OF THE 6TH
Atlantic City Sonics batting - Pitching for Minnesota Loons : RHP Damien Morin
Batting: RHB Jeff Quesenberry 0-0: Ball
1-0: Ground out U3 (Groundball, 3)
Batting: LHB Scotty Mitchell 0-0: Ball
1-0: Called Strike
1-1: Ball
2-1: Called Strike
2-2: Ball
3-2: Foul Ball, location: 2F
3-2: Fly out, F9 (Flyball, 9LS)
Batting: RHB Gary Jenkins 0-0: Ball
1-0: Bunt for hit - play at first, batter OUT! 1-3
Bottom of the 6th over - 0 runs, 0 hits, 0 errors, 0 left on base; Minnesota 1 - Atlantic City 2
TOP OF THE 7TH
Minnesota Loons batting - Pitching for Atlantic City Sonics : RHP Alfredo Franco
Batting: RHB Maverik Buffo 0-0: Foul Ball, location: 2F
0-1: Foul Ball, location: 2F
0-2: Strikes out swinging
Batting: RHB Augusto Manuel 0-0: Ball
1-0: Foul Ball, location: 2F
1-1: Swinging Strike
1-2: Ball
2-2: Strikes out swinging
Batting: LHB José Román 0-0: Ball
1-0: Ball
2-0: Ball
3-0: Base on Balls
Batting: LHB Kevin de Bruyne 0-0: Ball
1-0: Swinging Strike
1-1: Ball
2-1: Foul Ball, location: 2F
2-2: Strikes out swinging
Top of the 7th over - 0 runs, 0 hits, 0 errors, 1 left on base; Minnesota 1 - Atlantic City 2
BOTTOM OF THE 7TH
Atlantic City Sonics batting - Pitching for Minnesota Loons : RHP Damien Morin
Batting: LHB António Casas 0-0: Called Strike
0-1: Foul Ball, location: 2F
0-2: Ball
1-2: Ground out U3 (Groundball, 34)
Batting: RHB Kendrick Drumgoole 0-0: Ball
1-0: SINGLE (Flyball, 8LS)
Pitching: LHP Quan Shiu
Batting: RHB Toyozo Yamasaki 0-0: Fly out, F9 (Flyball, 9S)
Batting: RHB John Willoughby 0-0: Ball
1-0: Ground out 5-3 (Groundball, 56S)
Bottom of the 7th over - 0 runs, 1 hit, 0 errors, 1 left on base; Minnesota 1 - Atlantic City 2
TOP OF THE 8TH
Minnesota Loons batting - Pitching for Atlantic City Sonics : RHP Alfredo Franco
Batting: RHB Oliver Villalva 0-0: Ball
1-0: Called Strike
1-1: Foul Ball, location: 2F
1-2: Ball
2-2: Strikes out swinging
Batting: LHB Sergio Cruz 0-0: Called Strike
0-1: Ball
1-1: Swinging Strike
1-2: Strikes out swinging
Batting: LHB Bill Bean 0-0: Swinging Strike
0-1: Fly out, F7 (Flyball, 7LMF)
Top of the 8th over - 0 runs, 0 hits, 0 errors, 0 left on base; Minnesota 1 - Atlantic City 2
BOTTOM OF THE 8TH
Atlantic City Sonics batting - Pitching for Minnesota Loons : LHP Quan Shiu
Batting: RHB Dam Son 0-0: Ball
1-0: Called Strike
1-1: Foul Ball, location: 2F
1-2: Ball
2-2: Foul Ball, location: 2F
2-2: Foul Ball, location: 2F
2-2: SINGLE (Flyball, 56D)
Pinch Hitting: RHB Elwiin Hund 0-0: Ball
1-0: Called Strike
1-1: Swinging Strike
1-2: Foul Ball, location: 2F
1-2: Strikes out looking
Batting: RHB Jeff Quesenberry 0-0: Foul Ball, location: 2F
0-1: Swinging Strike
0-2: Ball
1-2: Strikes out looking
Batting: LHB Scotty Mitchell Pickoff Throw to First - Out!
Bottom of the 8th over - 0 runs, 1 hit, 0 errors, 0 left on base; Minnesota 1 - Atlantic City 2
TOP OF THE 9TH
Minnesota Loons batting - Pitching for Atlantic City Sonics : RHP Alfredo Franco
Pitching: RHP Amando Codes
Now at C: Guillermo Mata
Now at 1B: Curt Pack
Batting: SHB Esteban Piñeiro 0-0: Swinging Strike
0-1: Ground out 5-3 (Groundball, 56S)
Batting: LHB Atro Jarvilehto 0-0: Swinging Strike
0-1: Foul Ball, location: 2F
0-2: Fly out, F6 (Line Drive, 6)
Pinch Hitting: RHB Ramón Yniguez 0-0: Called Strike
0-1: Ball
1-1: Fly out, F7 (Flyball, 7)
Top of the 9th over - 0 runs, 0 hits, 0 errors, 0 left on base; Minnesota 1 - Atlantic City 2
Friday, March 29th, 2019 - OOTP Baseball 18.8 Build 76